 Dungeon Sprint DCSS version 0.17-a0-1635-gd4e48f1 (webtiles) character file.

71916342 Kidiri the Invulnerable (level 24, 181/181 HPs)
             Began as a Gargoyle Fighter on Aug 4, 2015.
             Was the Champion of the Shining One.
             Escaped with the Orb
             ... and 17 runes!
             The game lasted 01:44:49 (25541 turns).

Kidiri the Invulnerable (Gargoyle Fighter)         Turns: 25541, Time: 01:44:50

Health: 181/181    AC: 55    Str: 35    XL:     24   Next: 21%
Magic:  50/50      EV: 26    Int: 11    God:    the Shining One [******]
Gold:   1378       SH: 30    Dex: 16    Spells: 0 memorised, 73 levels left

rFire  + + .     SeeInvis +     H - +8 sacred scourge (holy)
rCold  + + .     Clarity  +     X - +0 gold dragon armour
rNeg   + + +     SustAt   .     M - +1 large shield {rN+}
rPois  ∞         Gourm    .     D - +1 helmet {SInv}
rElec  +         Spirit   .     L - +1 cloak {MR+}
rCorr  .         Warding  .     r - +2 pair of gloves {Str+3}
rMut   .         NoTele   +     x - +2 pair of boots {run}
MR     ++...                    I - amulet of Arrival {rElec Regen+ Str+3 Dex+2}
Stlth  +.........               a - ring "Esomul" {rF+ MP+9}
                                T - ring of Elyvilon's Whim {Wiz +Inv rC+ Str+4}

@: flying, glowing, quick, very resistant to hostile enchantments, very
unstealthy
A: big wings, hooves 1, repulsion field 1, thin metallic scales 1, blurry vision
1, clarity, deformed body, low mp 2, negative energy resistance 1, electricity
resistance, wild magic 1, unbreathing, petrification resistance, rot immunity,
AC +17
a: Stop Flying, Divine Shield, Cleansing Flame, Summon Divine Warrior, Renounce
Religion, Evoke Invisibility
0: Orb of Zot
}: 17/15 runes: decaying, serpentine, barnacled, slimy, elven, silver, golden,
iron, obsidian, icy, bone, abyssal, glowing, magical, fiery, dark, gossamer


You escaped.
You worshipped the Shining One.
The Shining One was exalted by your worship.
You were full.

You visited 1 branch You collected 1963 gold pieces.
You spent 585 gold pieces at shops.

Inventory:

Hand weapons
 m - the +8 flail of the Scroll {antimagic, +Rage}
   (Okawaru gifted it to you in the Dungeon)

   It disrupts the flow of magical energy around spellcasters and certain
   magical creatures (including the wielder).
   It lets you go berserk.
 o - the +7 Sceptre of Asmodeus
   (You took it off Asmodeus in the Dungeon)

   The Shining One disapproves of the use of such an item.
 q - the +4 Staff of Dispater
   (You took it off Dispater in the Dungeon)

   The Shining One disapproves of the use of such an item.
 t - the +6 Sword of Cerebov {flame}
   (You took it off Cerebov in the Dungeon)

   It has been specially enchanted to burn those struck by it, causing extra
   injury to most foes and up to half again as much damage against particularly
   susceptible opponents.
   Big, fiery blades are also staple armaments of hydra-hunters.
   The Shining One disapproves of the use of such an item.
 H - a +8 sacred scourge of holy wrath (weapon)
Missiles
 N - 4 silver javelins (quivered)
 O - 28 javelins
Armour
 r - a +2 pair of gloves of strength (worn)
 x - a +2 pair of boots of running (worn)
 D - a +1 helmet of see invisible (worn)
 J - the +10 plate armour of Jaroar {-Cast rPois Regen+ Int+4}
   (Okawaru gifted it to you in the Dungeon)

   It affects your intelligence (+4).
   It protects you from poison.
   It prevents spellcasting.
   It increases your rate of regeneration.
 L - a +1 cloak of magic resistance (worn)
 M - a +1 large shield of positive energy (worn)
 X - a +0 gold dragon armour (worn)
Jewellery
 a - the ring "Esomul" (right hand) {rF+ MP+9}
   (You bought it in a shop in the Dungeon)

   [ring of protection from fire]

   It protects you from fire.
   It affects your magic capacity (+9).
 c - the amulet "Eqaubov" {rCorr rC- Int+3 Dex+4}
   (You found it in the Dungeon)

   [amulet of resist corrosion]

   It protects you from acid and corrosion.
   It affects your intelligence (+3).
   It affects your dexterity (+4).
   It makes you vulnerable to cold.
 u - the ring of the Komtur {+Inv rC+ Int+3}
   (You found it in the Dungeon)

   [ring of protection from cold]

   It affects your intelligence (+3).
   It protects you from cold.
   It lets you turn invisible.
 B - a +6 ring of strength
 I - the amulet of Arrival (around neck) {rElec Regen+ Str+3 Dex+2}
   (You found it in the Dungeon)

   [amulet of regeneration]

   It affects your strength (+3).
   It affects your dexterity (+2).
   It insulates you from electricity.
   It increases your rate of regeneration.
 S - the amulet "Qarit" {Stasis Slay+2}
   (You found it in the Dungeon)

   [amulet of stasis]

   It prevents you from being teleported, slowed, hasted or paralysed.
   It affects your accuracy and damage with ranged weapons and melee attacks
   (+2).
 T - the ring of Elyvilon's Whim (left hand) {Wiz +Inv rC+ Str+4}
   (You found it in the Dungeon)

   [ring of wizardry]

   It improves your spell success rate.
   It affects your strength (+4).
   It protects you from cold.
   It lets you turn invisible.
Magical devices
 p - a wand of cold (3)
 W - a wand of hasting (1)
Scrolls
 n - 5 scrolls of remove curse
 y - 2 scrolls of fear
 z - 4 scrolls of fog
 A - 3 scrolls of recharging
Potions
 b - 3 potions of brilliance
 d - 4 potions of might
 f - 9 potions of curing
 g - a potion of invisibility
 i - 4 potions of magic
 j - 2 potions of berserk rage
 k - a potion of degeneration {unknown}
 l - 3 potions of agility
 s - a potion of cure mutation
 E - 2 potions of cancellation
 G - a potion of lignification
 K - a potion of flight {unknown}
 Q - 2 potions of resistance {unknown}
Comestibles
 e - 7 bread rations
 w - 32 fruits


   Skills:
 O Level 27 Fighting
 O Level 27 Maces & Flails
 O Level 27 Throwing
 O Level 27 Armour
 O Level 27 Dodging
 O Level 27 Stealth
 O Level 27 Shields
 O Level 27 Unarmed Combat
 + Level 25.4 Spellcasting
 O Level 27 Invocations
 O Level 27 Evocations


You had 73 spell levels left.
You didn't know any spells.

Dungeon Overview and Level Annotations

Branches:
Dungeon (1/1)

Altars:
Cheibriados
Dithmenos
Elyvilon
Fedhas
Gozag
Kikubaaqudgha
Makhleb
Nemelex Xobeh
Okawaru
Qazlal
Ru
Sif Muna
Trog
Vehumet
Xom
Yredelemnul
Zin
The Shining One
Beogh
Jiyva
Lugonu

Shops:
D *[%=


Innate Abilities, Weirdness & Mutations

You are resistant to torment.
Your stone body is resilient (AC +17).
You are immune to poison.
Your large and strong wings let you fly indefinitely.
You resist negative energy.
You are resistant to electric shocks.
You can survive without breathing.
You are immune to petrification.
You are immune to rotting.
You have large cloven feet.
You are surrounded by a mild repulsion field (EV +2).
You are partially covered in thin metallic scales (AC +2).
Scrolls take you a little longer to read.
You possess an exceptional clarity of mind.
Armour fits poorly on your strangely shaped body.
Your magical capacity is very low (-20% MP).
Your spells are a little harder to cast, but a little more powerful.


Message History

There is an iron altar of Okawaru here.
There is a radiant altar of Vehumet here.
Your magical contamination has completely faded away.
There is a shimmering altar of Xom here.
There is a basalt altar of Yredelemnul here.
There is an ancient bone altar of Kikubaaqudgha here.
There is a glowing golden altar of the Shining One here.
There is a glowing silver altar of Zin here.
There is an open door to the Temple here.
There is an open door, spattered with blood here.
Things that are here:
a robe; a dagger
There is an open door to the Dungeon here.
You see here a dagger.
There is a staircase leading out of the dungeon here.
You start waiting.
You start waiting.
You start waiting.
Done waiting.
You have escaped!

▓▓▓▓▓▓▓▓▓▓▓▓▓▓▓▓▓▓
▓@....).....[.....
▓▓▓▓▓▓▓▓▓▓▓▓▓▓▓▓▓▓
▓.................
▓.▓▓▓▓▓▓▓▓▓▓▓▓▓▓▓▓
▓.......'.......[.
▓▓▓▓▓▓▓▓▓▓▓▓▓▓▓▓▓▓
▓.................
▓.▓▓▓▓▓▓▓▓▓▓▓▓▓▓▓▓
▓.............[.[)


There were no monsters in sight!

Vanquished Creatures
  Cerebov (D)
  Antaeus (D)
  Asmodeus (D)
  the royal jelly (D)
  Ereshkigal (D)
  Gloorx Vloq (D)
  Mnoleg (D)
  Lom Lobon (D)
  Dispater (D)
  3 orbs of fire (D)
  Mara (D)
  Mennas (D)
  6 greater mummies (D)
  2 ancient liches (D)
  Boris (D)
  Frederick (D)
  Margery (D)
  Norris (D)
  A curse toe (D)
  2 Killer Klowns (D)
  Geryon (D)
  5 golden dragons (D)
  Nikola (D)
  Jory (D)
  Xtahua (D)
  An electric golem (D)
  7 liches (D)
  2 Brimstone Fiends (D)
  7 pandemonium lords (D)
  3 tentacled monstrosities (D)
  An Ice Fiend (D)
  A Hell Sentinel (D)
  35 Orb Guardians (D)
  A Shadow Fiend (D)
  5 deep elf blademasters (D)
  2 titans (D)
  A quicksilver dragon (D)
  5 deep elf master archers (D)
  12 sphinxes (D)
  10 acid blobs (D)
  Gastronok (D)
  6 storm dragons (D)
  10 shadow dragons (D)
  4 azure jellies (D)
  5 fire giants (D)
  3 greater nagas (D)
  2 draconian monks (D)
  Ilsuiw (D)
  A vault warden (D)
  3 frost giants (D)
  Maud (D)
  2 draconian knights (D)
  5 deep elf sorcerers (D)
  4 ghost moths (D)
  Louise (D)
  4 emperor scorpions (D)
  2 draconian zealots (D)
  3 draconian annihilators (D)
  13 stone giants (D)
  4 very ugly things (D)
  A draconian caller (D)
  2 ironheart preservers (D)
  3 black draconians (D)
  2 green draconians (D)
  A deep elf demonologist (D)
  A deep elf annihilator (D)
  A yellow draconian (D)
  3 white draconians (D)
  2 lorocyprocas (D)
  9 red draconians (D)
  2 purple draconians (D)
  8 vampire knights (D)
  2 mottled draconians (D)
  A blizzard demon (D)
  7 merfolk impalers (D)
  4 minotaurs (D)
  25 vault guards (D)
  2 ettins (D)
  2 rakshasas (D)
  6 merfolk javelineers (D)
  3 fire dragons (D)
  10 death oozes (D)
  4 mummy priests (D)
  3 great orbs of eyes (D)
  A death cob (D)
  2 entropy weavers (D)
  6 hydras (D)
  2 yaktaur captains (D)
  A hell beast (D)
  4 ice dragons (D)
  A naga warrior (D)
  8 ogre magi (D)
  An anaconda (D)
  An ice dragon (shapeshifter) (D)
  A merfolk avatar (D)
  7 merfolk aquamancers (D)
  A satyr (D)
  3 centaur warriors (D)
  A thrashing horror (D)
  A deep troll shaman (D)
  A tengu warrior (D)
  3 soul eaters (D)
  A shock serpent (D)
  A shadow wraith (D)
  5 deep elf knights (D)
  2 fire crabs (D)
  2 hell knights (D)
  A wretched star (D)
  2 sun demons (D)
  4 ball lightnings (D)
  8 swamp dragons (D)
  A harpy (D)
  2 shadow demons (D)
  An infernal demonspawn (D)
  A spriggan druid (D)
  A wizard (D)
  3 orc knights (D)
  A shambling mangrove (D)
  3 hill giants (D)
  2 necromancers (D)
  A naga ritualist (D)
  An orb spider (D)
  3 ironbrand convokers (D)
  2 ugly things (D)
  2 hornets (D)
  3 wolf spiders (D)
  11 moths of wrath (D)
  3 deep elf conjurers (D)
  A moth of wrath (shapeshifter) (D)
  8 elephants (D)
  7 sixfirhies (D)
  A siren (D)
  3 naga magi (D)
  2 griffons (D)
  Maurice (D)
  4 black mambas (D)
  A rust devil (D)
  A gargoyle (D)
  2 smoke demons (D)
  5 guardian serpents (D)
  4 orange demons (D)
  A spiny frog (D)
  3 hellions (D)
  3 red devils (D)
  2 yaktaurs (D)
  2 demonic crawlers (D)
  18 guardian mummies (D)
  3 jumping spiders (D)
  A blue devil (D)
  2 freezing wraiths (D)
  A deep elf priest (D)
  A hellwing (D)
  A tengu conjurer (D)
  18 merfolk (D)
  A polar bear (shapeshifter) (D)
  5 two-headed ogres (D)
  A giant leech (D)
  A boulder beetle (D)
  A slime creature (D)
  2 bog bodies (D)
  A snapping turtle (D)
  A wyvern (D)
  3 redbacks (D)
  A deep elf fighter (D)
  11 spriggans (D)
  2 ynoxinuls (D)
  A basilisk (shapeshifter) (D)
  2 yaks (D)
  4 deep elf magi (D)
  2 vampire mosquitoes (D)
  A wraith (D)
  A golden eye (D)
  4 hungry ghosts (D)
  2 hippogriffs (D)
  4 hell hounds (D)
  A mottled dragon (D)
  4 chaos spawn (D)
  3 nagas (D)
  3 porcupines (D)
  4 water moccasins (D)
  A black bear (D)
  2 spiders (D)
  A wasp (D)
  A swamp drake (D)
  10 orc warriors (D)
  A large abomination (D)
  2 ice beasts (D)
  6 ogres (D)
  5 small abominations (D)
  A centaur (D)
  4 giant frogs (D)
  5 crocodiles (D)
  An orc priest (D)
  2 quasits (D)
  A hound (D)
  4 orc wizards (D)
  A worker ant (shapeshifter) (D)
  2 iron imps (D)
  2 worker ants (D)
  2 adders (D)
  A shadow imp (D)
  2 white imps (D)
  An adder zombie (D)
  An ooze (D)
  An adder skeleton (D)
  An adder simulacrum (D)
  10 orcs (D)
  A bat skeleton (D)
  A jackal (D)
  A kobold (D)
  A ball python skeleton (D)
  3 bats (D)
  2 fire vortices (D)
664 creatures vanquished.

Vanquished Creatures (collateral kills)
  A stone giant (D)
1 creature vanquished.

Vanquished Creatures (others)
  A fire giant (D)
  A hell knight (D)
  17 ball lightnings (D)
  A merfolk (D)
  A wandering mushroom (D)
  A naga (D)
  A fire vortex (D)
23 creatures vanquished.

Grand Total: 688 creatures vanquished

Notes
Turn   | Place    | Note
--------------------------------------------------------------
     0 | D        | Kidiri the Gargoyle Fighter began the quest for the Orb.
     0 | D        | Reached XP level 1. HP: 14/14 MP: 1/1
    22 | D        | Reached skill level 4 in Armour
    25 | D        | Reached skill level 1 in Dodging
    25 | D        | Reached XP level 2. HP: 14/19 MP: 2/2
    93 | D        | Noticed a worker ant
    93 | D        | Noticed an orc wizard
    99 | D        | Killed a worker ant
    99 | D        | Reached skill level 5 in Armour
    99 | D        | Reached skill level 5 in Shields
    99 | D        | Reached XP level 3. HP: 18/23 MP: 3/3
   121 | D        | Killed an orc wizard
   121 | D        | Reached skill level 6 in Armour
   121 | D        | Reached XP level 4. HP: 24/28 MP: 4/4
   166 | D        | Found a glowing silver altar of Zin.
   166 | D        | Found a glowing golden altar of the Shining One.
   166 | D        | Found an ancient bone altar of Kikubaaqudgha.
   166 | D        | Found a basalt altar of Yredelemnul.
   166 | D        | Found a shimmering altar of Xom.
   166 | D        | Found a radiant altar of Vehumet.
   167 | D        | Found an iron altar of Okawaru.
   168 | D        | Found a burning altar of Makhleb.
   169 | D        | Found a deep blue altar of Sif Muna.
   170 | D        | Found a bloodstained altar of Trog.
   171 | D        | Found a sparkling altar of Nemelex Xobeh.
   172 | D        | Found a white marble altar of Elyvilon.
   173 | D        | Found a roughly hewn altar of Beogh.
   174 | D        | Found a viscous altar of Jiyva.
   175 | D        | Became a worshipper of Warmaster Okawaru
   176 | D        | Found a corrupted altar of Lugonu.
   177 | D        | Found a blossoming altar of Fedhas.
   178 | D        | Found a snail-covered altar of Cheibriados.
   179 | D        | Found a shadowy altar of Dithmenos.
   180 | D        | Found a stormy altar of Qazlal.
   181 | D        | Found an opulent altar of Gozag.
   182 | D        | Found a sacrificial altar of Ru.
   235 | D        | Noticed a giant frog
   235 | D        | Noticed a hound
   235 | D        | Noticed a giant frog
   260 | D        | Killed a giant frog
   260 | D        | Reached skill level 7 in Armour
   260 | D        | Reached XP level 5. HP: 21/32 MP: 4/6
   269 | D        | Killed a hound
   282 | D        | Killed a giant frog
   282 | D        | Acquired Okawaru's first power
   282 | D        | Reached skill level 5 in Maces & Flails
   282 | D        | Reached skill level 8 in Armour
   282 | D        | Reached XP level 6. HP: 23/37 MP: 6/8
   397 | D        | Noticed a hungry ghost
   397 | D        | Noticed a giant frog
   397 | D        | Noticed a worker ant
   397 | D        | Noticed a deep elf mage
   397 | D        | Noticed a hungry ghost
   397 | D        | Noticed a black bear
   402 | D        | Killed a hungry ghost
   402 | D        | Reached skill level 9 in Armour
   409 | D        | Killed a giant frog
   409 | D        | Reached XP level 7. HP: 41/41 MP: 7/10
   414 | D        | Killed a worker ant
   420 | D        | Killed a deep elf mage
   420 | D        | Reached skill level 10 in Armour
   420 | D        | Reached skill level 5 in Invocations
   431 | D        | Killed a hungry ghost
   431 | D        | Reached skill level 5 in Dodging
   431 | D        | Reached skill level 10 in Shields
   434 | D        | Killed a black bear
   434 | D        | Reached XP level 8. HP: 46/46 MP: 10/12
   555 | D        | Noticed a porcupine
   555 | D        | Noticed a yak
   555 | D        | Noticed a water moccasin
   555 | D        | Noticed a black mamba
   555 | D        | Noticed a hippogriff
   555 | D        | Noticed a hippogriff
   562 | D        | Noticed a wyvern
   565 | D        | Killed a porcupine
   566 | D        | Noticed a yak
   572 | D        | Killed a yak
   572 | D        | Reached skill level 11 in Armour
   576 | D        | Noticed a crocodile
   582 | D        | Killed a black mamba
   584 | D        | Killed a water moccasin
   594 | D        | Killed a hippogriff
   610 | D        | Killed a hippogriff
   610 | D        | Reached skill level 12 in Armour
   610 | D        | Reached XP level 9. HP: 36/51 MP: 14/14
   620 | D        | Killed a wyvern
   628 | D        | Killed a yak
   633 | D        | Killed a crocodile
   812 | D        | Noticed a porcupine
   812 | D        | Noticed a water moccasin
   812 | D        | Noticed a water moccasin
   812 | D        | Noticed a porcupine
   812 | D        | Noticed a crocodile
   812 | D        | Noticed a crocodile
   828 | D        | Killed a porcupine
   833 | D        | Killed a water moccasin
   839 | D        | Killed a water moccasin
   845 | D        | Killed a porcupine
   852 | D        | Killed a crocodile
   860 | D        | Killed a crocodile
   860 | D        | Reached skill level 13 in Armour
   861 | D        | Noticed a water moccasin
   862 | D        | Noticed a crocodile
   866 | D        | Noticed a crocodile
   872 | D        | Killed a water moccasin
   878 | D        | Killed a crocodile
   885 | D        | Killed a crocodile
  1014 | D        | Noticed an elephant
  1014 | D        | Noticed an elephant
  1014 | D        | Noticed an elephant
  1014 | D        | Noticed an elephant
  1014 | D        | Noticed an elephant
  1014 | D        | Noticed an elephant
  1019 | D        | Noticed an elephant
  1029 | D        | Killed an elephant
  1029 | D        | Reached XP level 10. HP: 50/56 MP: 14/16
  1044 | D        | Killed an elephant
  1044 | D        | Acquired Okawaru's second power
  1050 | D        | Noticed an elephant
  1061 | D        | Killed an elephant
  1072 | D        | Killed an elephant
  1072 | D        | Reached skill level 14 in Armour
  1081 | D        | Killed an elephant
  1088 | D        | Killed an elephant
  1088 | D        | Received a gift from Okawaru
  1099 | D        | Killed an elephant
  1110 | D        | Killed an elephant
  1110 | D        | Reached skill level 10 in Maces & Flails
  1110 | D        | Reached skill level 10 in Invocations
  1125 | D        | Identified a +2 pair of boots of running (Okawaru gifted it to you in the Dungeon)
  1223 | D        | Noticed Maurice
  1235 | D        | Killed Maurice
  1293 | D        | Noticed an orc wizard
  1293 | D        | Noticed an orc wizard
  1293 | D        | Noticed an orc warrior
  1296 | D        | Killed an orc wizard
  1298 | D        | Noticed an orc priest
  1305 | D        | Killed an orc warrior
  1310 | D        | Killed an orc wizard
  1315 | D        | Noticed an orc wizard
  1324 | D        | Killed an orc priest
  1337 | D        | Killed an orc wizard
  1391 | D        | Noticed an orc warrior
  1391 | D        | Noticed an orc knight
  1391 | D        | Noticed an orc warrior
  1391 | D        | Noticed an orc warrior
  1391 | D        | Noticed an orc warrior
  1391 | D        | Noticed an orc warrior
  1394 | D        | Noticed an orc knight
  1394 | D        | Killed an orc warrior
  1394 | D        | Reached skill level 15 in Shields
  1400 | D        | Noticed an orc warrior
  1420 | D        | Killed an orc knight
  1420 | D        | Reached skill level 15 in Armour
  1420 | D        | Reached XP level 11. HP: 45/60 MP: 12/18
  1421 | D        | Noticed an orc warrior
  1430 | D        | Killed an orc warrior
  1435 | D        | Killed an orc warrior
  1441 | D        | Killed an orc warrior
  1443 | D        | Noticed an orc warrior
  1452 | D        | Killed an orc knight
  1453 | D        | Noticed an orc warrior
  1465 | D        | Killed an orc warrior
  1471 | D        | Killed an orc warrior
  1477 | D        | Killed an orc warrior
  1485 | D        | Killed an orc warrior
  1488 | D        | Killed an orc warrior
  1551 | D        | Found Leumety's Assorted Antiques.
  1551 | D        | Noticed an ogre
  1551 | D        | Noticed an ogre
  1551 | D        | Noticed an ogre
  1551 | D        | Noticed a two-headed ogre
  1551 | D        | Noticed an ogre mage
  1553 | D        | Noticed an ogre mage
  1554 | D        | Killed an ogre
  1556 | D        | Noticed a two-headed ogre
  1557 | D        | Killed an ogre
  1558 | D        | Found Zohaisegh's Antique Armour Shoppe.
  1559 | D        | Noticed an ogre mage
  1563 | D        | Noticed an ogre
  1569 | D        | Killed an ogre mage
  1569 | D        | Reached skill level 16 in Shields
  1570 | D        | Found Toeprasa's Food Emporium.
  1574 | D        | Noticed an ogre
  1574 | D        | Killed a two-headed ogre
  1575 | D        | Found Ogatong's Jewellery Shoppe.
  1580 | D        | Killed a two-headed ogre
  1581 | D        | Noticed an ogre
  1582 | D        | Killed an ogre
  1597 | D        | Killed an ogre mage
  1601 | D        | Killed an ogre
  1606 | D        | Killed an ogre mage
  1609 | D        | Killed an ogre
  1612 | D        | Killed an ogre
  1617 | D        | Noticed a two-headed ogre
  1618 | D        | Noticed a two-headed ogre
  1624 | D        | Killed a two-headed ogre
  1626 | D        | Killed a two-headed ogre
  1657 | D        | Bought a potion of curing for 57 gold pieces
  1657 | D        | Bought a scroll of identify for 38 gold pieces
  1657 | D        | Bought a scroll of identify for 38 gold pieces
  1657 | D        | Bought a clear potion for 17 gold pieces
  1657 | D        | Bought a scroll labeled JIVVUXZ NACEHYNAPI for 19 gold pieces
  1744 | D        | Noticed Gastronok
  1765 | D        | Killed Gastronok
  1765 | D        | Received a gift from Okawaru
  1765 | D        | Reached skill level 17 in Armour
  1766 | D        | Got a spiked buckler {god gift}
  1777 | D        | Identified the +2 buckler of Tyko {Str+2 Dex+2 Stlth+} (Okawaru gifted it to you in the Dungeon)
  1936 | D        | Noticed a hill giant
  1936 | D        | Noticed a two-headed ogre
  1936 | D        | Noticed a centaur warrior
  1936 | D        | Noticed a freezing wraith
  1936 | D        | Noticed a mottled dragon
  1944 | D        | Killed a hill giant
  1944 | D        | Reached skill level 10 in Dodging
  1944 | D        | Reached XP level 12. HP: 64/64 MP: 12/19
  1945 | D        | Noticed a griffon
  1947 | D        | Noticed a centaur warrior
  1950 | D        | Killed a two-headed ogre
  1952 | D        | Noticed a rakshasa
  1955 | D        | Killed a centaur warrior
  1982 | D        | Killed a freezing wraith
  1989 | D        | Killed a griffon
  1994 | D        | Noticed a white ugly thing
  1998 | D        | Killed a mottled dragon
  1999 | D        | Noticed a white ugly thing
  2000 | D        | Noticed an ice dragon
  2002 | D        | Noticed an ettin
  2004 | D        | Killed a centaur warrior
  2006 | D        | Noticed a cyan ugly thing
  2018 | D        | Killed a rakshasa
  2018 | D        | Reached skill level 18 in Armour
  2019 | D        | Noticed a stone giant
  2030 | D        | Killed a purple ugly thing
  2038 | D        | Killed an ice dragon
  2045 | D        | Killed an ettin
  2064 | D        | Killed a cyan ugly thing
  2071 | D        | Killed a stone giant
  2071 | D        | Received a gift from Okawaru
  2072 | D        | Noticed a great orb of eyes
  2086 | D        | Killed a great orb of eyes
  2095 | D        | Gained mutation: You are clumsy. (Dex -2) [mutagenic meat]
  2096 | D        | Gained mutation: You occasionally shout uncontrollably at your foes. [mutagenic meat]
  2147 | D        | Lost mutation: You are clumsy. (Dex -2) [potion of cure mutation]
  2147 | D        | Lost mutation: You occasionally shout uncontrollably at your foes. [potion of cure mutation]
  2185 | D        | Noticed Mara
  2199 | D        | Noticed Kidiri's illusion
  2312 | D        | Killed Mara
  2312 | D        | Reached skill level 19 in Armour
  2312 | D        | Reached XP level 13. HP: 46/68 MP: 20/20
  2482 | D        | Noticed a spiny frog
  2482 | D        | Noticed a swamp dragon
  2482 | D        | Noticed a swamp dragon
  2482 | D        | Noticed a shambling mangrove
  2482 | D        | Noticed a bog body
  2482 | D        | Noticed a swamp dragon
  2487 | D        | Killed a spiny frog
  2492 | D        | Noticed a giant leech
  2492 | D        | Killed a swamp dragon
  2503 | D        | Killed a swamp dragon
  2503 | D        | Received a gift from Okawaru
  2503 | D        | Reached skill level 20 in Shields
  2505 | D        | Noticed a bog body
  2510 | D        | Killed a shambling mangrove
  2514 | D        | Killed a bog body
  2528 | D        | Noticed a hornet
  2528 | D        | Killed a swamp dragon
  2537 | D        | Killed a giant leech
  2544 | D        | Killed a bog body
  2552 | D        | Killed a hornet
  2575 | D        | Noticed a merfolk impaler
  2575 | D        | Noticed a harpy
  2575 | D        | Noticed a centaur
  2575 | D        | Noticed a merfolk
  2575 | D        | Noticed a satyr
  2575 | D        | Noticed a snapping turtle
  2576 | D        | Noticed a merfolk aquamancer
  2599 | D        | Killed a merfolk impaler
  2604 | D        | Killed a harpy
  2605 | D        | Noticed a siren
  2606 | D        | Noticed a merfolk impaler
  2617 | D        | Killed a merfolk
  2630 | D        | Killed a satyr
  2637 | D        | Killed a merfolk aquamancer
  2643 | D        | Killed a snapping turtle
  2652 | D        | Killed a merfolk impaler
  2656 | D        | Killed a centaur
  2660 | D        | Killed a siren
  2731 | D        | Noticed a jumping spider
  2731 | D        | Noticed an orb spider
  2731 | D        | Noticed a wolf spider
  2731 | D        | Noticed a spider
  2731 | D        | Noticed a demonic crawler
  2739 | D        | Noticed an entropy weaver
  2744 | D        | Killed a jumping spider
  2747 | D        | Killed an orb spider
  2748 | D        | Noticed a spider
  2757 | D        | Killed a wolf spider
  2758 | D        | Noticed a redback
  2766 | D        | Killed a ghost moth
  2766 | D        | Received a gift from Okawaru
  2766 | D        | Reached skill level 21 in Armour
  2769 | D        | Killed a spider
  2794 | D        | Killed a demonic crawler
  2810 | D        | Killed an entropy weaver
  2819 | D        | Killed a spider
  2826 | D        | Killed a redback
  2833 | D        | Gained mutation: Scrolls take you a little longer to read. [mutagenic meat]
  2970 | D        | Noticed a black mamba
  2970 | D        | Noticed a naga mage
  2970 | D        | Noticed a naga ritualist
  2970 | D        | Noticed a naga mage
  2970 | D        | Noticed a guardian serpent
  2970 | D        | Noticed a black mamba
  2971 | D        | Noticed an anaconda
  2977 | D        | Noticed a black mamba
  2977 | D        | Killed a black mamba
  2987 | D        | Noticed a shock serpent
  2988 | D        | Killed a black mamba
  2997 | D        | Killed a naga ritualist
  3002 | D        | Killed a naga mage
  3007 | D        | Killed a naga mage
  3007 | D        | Gained mutation: Your large and strong wings let you fly indefinitely. [Gargoyle growth]
  3007 | D        | Reached XP level 14. HP: 71/74 MP: 15/21
  3015 | D        | Killed a black mamba
  3019 | D        | Killed a guardian serpent
  3027 | D        | Killed an anaconda
  3039 | D        | Killed a shock serpent
  3046 | D        | Gained mutation: Your magical capacity is low (-10% MP). [mutagenic meat]
  3047 | D        | Gained mutation: Armour fits poorly on your strangely shaped body. [mutagenic meat]
  3051 | D        | Gained mutation: You are partially covered in large bone plates (AC +2, SH +2). [mutagenic meat]
  3052 | D        | Gained mutation: Your magical capacity is very low (-20% MP). [mutagenic meat]
  3053 | D        | Lost mutation: You are partially covered in large bone plates (AC +2, SH +2). [mutagenic meat]
  3054 | D        | Lost mutation: Armour fits poorly on your strangely shaped body. [potion of cure mutation]
  3054 | D        | Lost mutation: Your magical capacity is very low (-20% MP). [potion of cure mutation]
  3054 | D        | Lost mutation: Your magical capacity is low (-10% MP). [potion of cure mutation]
  3054 | D        | Lost mutation: Scrolls take you a little longer to read. [potion of cure mutation]
  3097 | D        | Noticed Maud
  3114 | D        | Killed Maud
  3114 | D        | Reached skill level 15 in Maces & Flails
  3193 | D        | Noticed a brown very ugly thing
  3193 | D        | Noticed a great orb of eyes
  3193 | D        | Noticed a purple very ugly thing
  3193 | D        | Noticed a centaur warrior
  3193 | D        | Noticed an entropy weaver
  3193 | D        | Noticed an ice dragon
  3205 | D        | Noticed a tengu warrior
  3208 | D        | Killed a green very ugly thing
  3209 | D        | Noticed a stone giant
  3225 | D        | Killed a purple very ugly thing
  3225 | D        | Reached skill level 22 in Armour
  3226 | D        | Noticed an ettin
  3246 | D        | Killed a great orb of eyes
  3257 | D        | Killed a centaur warrior
  3303 | D        | Killed an entropy weaver
  3304 | D        | Noticed a fire giant
  3304 | D        | HP: 2/74 [ice dragon/blast of cold (50)]
  3307 | D        | Noticed a purple very ugly thing
  3312 | D        | Noticed a stone giant
  3323 | D        | Killed an ice dragon
  3324 | D        | Noticed a tengu conjurer
  3344 | D        | Killed a stone giant
  3344 | D        | Received a gift from Okawaru
  3345 | D        | Got a slimy plate armour {god gift}
  3417 | D        | Killed a tengu warrior
  3426 | D        | Killed a fire giant
  3437 | D        | Identified the +10 plate armour of Jaroar {-Cast rPois Regen+ Int+4} (Okawaru gifted it to you in the Dungeon)
  3527 | D        | Killed a tengu conjurer
  3540 | D        | Killed a purple very ugly thing
  3564 | D        | Killed an ettin
  3582 | D        | Killed a stone giant
  3604 | D        | Noticed a rakshasa
  3621 | D        | Killed a rakshasa
  3631 | D        | Killed a rakshasa
  3644 | D        | Noticed a slime creature
  3645 | D        | Noticed a deep troll shaman
  3646 | D        | Noticed a fire dragon
  3653 | D        | Killed a slime creature
  3653 | D        | Reached skill level 23 in Armour
  3657 | D        | Killed a deep troll shaman
  3683 | D        | Killed a fire dragon
  3737 | D        | Noticed a yaktaur
  3737 | D        | Noticed a vampire mosquito
  3737 | D        | Noticed an ogre mage
  3737 | D        | Noticed a basilisk
  3737 | D        | Noticed a wraith
  3738 | D        | Noticed a vampire mosquito
  3744 | D        | Killed a yaktaur
  3748 | D        | Killed a vampire mosquito
  3755 | D        | Noticed a wizard
  3756 | D        | Killed a basilisk
  3758 | D        | Killed an ogre mage
  3759 | D        | Noticed a hill giant
  3760 | D        | Noticed a yaktaur captain
  3762 | D        | Killed a wraith
  3765 | D        | Noticed a vault warden
  3767 | D        | Killed a vampire mosquito
  3769 | D        | Noticed a griffon
  3772 | D        | Killed a wizard
  3778 | D        | Killed a hill giant
  3786 | D        | Killed a yaktaur captain
  3806 | D        | Killed a vault warden
  3810 | D        | Killed a griffon
  3811 | D        | Noticed a yaktaur captain
  3812 | D        | Noticed an orc knight
  3813 | D        | Noticed a freezing wraith
  3814 | D        | Noticed a fire crab
  3815 | D        | Noticed an ironbrand convoker
  3816 | D        | Noticed a yaktaur
  3823 | D        | Killed a yaktaur captain
  3824 | D        | Noticed an ogre mage
  3833 | D        | Killed an orc knight
  3834 | D        | Noticed an ironheart preserver
  3837 | D        | Noticed an ogre mage
  3846 | D        | Killed a freezing wraith
  3856 | D        | Killed a fire crab
  3860 | D        | Killed an ironbrand convoker
  3860 | D        | Reached XP level 15. HP: 78/78 MP: 22/22
  3864 | D        | Killed an ogre mage
  3870 | D        | Killed a yaktaur
  3873 | D        | Killed an ironheart preserver
  3881 | D        | Killed an ogre mage
  3991 | D        | Noticed Louise
  3992 | D        | Noticed Jory
  3994 | D        | Noticed Norris
  3999 | D        | Noticed Boris
  4002 | D        | Noticed Xtahua
  4012 | D        | Noticed Frederick
  4017 | D        | Noticed Mennas
  4019 | D        | Killed Louise
  4019 | D        | Reached skill level 24 in Armour
  4052 | D        | Killed Jory
  4052 | D        | Received a gift from Okawaru
  4070 | D        | Killed Norris
  4070 | D        | Received a gift from Okawaru
  4071 | D        | Got a smoking flail {god gift}
  4089 | D        | Killed Boris
  4100 | D        | Noticed a hell knight
  4107 | D        | Killed Xtahua
  4107 | D        | Reached skill level 25 in Armour
  4107 | D        | Reached skill level 15 in Dodging
  4110 | D        | Noticed a necromancer
  4116 | D        | Noticed a necromancer
  4122 | D        | Killed Frederick
  4192 | D        | Killed Mennas
  4192 | D        | Received a gift from Okawaru
  4200 | D        | Killed a hell knight
  4204 | D        | Killed a necromancer
  4211 | D        | Killed a necromancer
  4220 | D        | Noticed Margery
  4221 | D        | Noticed Nikola
  4222 | D        | Noticed a hell knight
  4223 | D        | Noticed a hell knight
  4231 | D        | Killed a hell knight
  4238 | D        | Killed Margery
  4238 | D        | Reached skill level 26 in Armour
  4238 | D        | Reached XP level 16. HP: 58/83 MP: 15/23
  4247 | D        | Killed a hell knight
  4257 | D        | Killed Nikola
  4314 | D        | Got a twisted ring mail {god gift}
  4325 | D        | Identified the +1 ring mail of the Slug {+Blink +Inv rCorr Dex+2} (Okawaru gifted it to you in the Dungeon)
  4338 | D        | Identified the +8 flail of the Scroll {antimagic, +Rage} (Okawaru gifted it to you in the Dungeon)
  4612 | D        | Noticed a merfolk avatar
  4612 | D        | Noticed a merfolk impaler
  4612 | D        | Noticed a merfolk javelineer
  4612 | D        | Noticed a merfolk javelineer
  4612 | D        | Noticed a merfolk aquamancer
  4612 | D        | Noticed a merfolk aquamancer
  4613 | D        | Noticed Ilsuiw
  4623 | D        | Killed a merfolk avatar
  4632 | D        | Killed a merfolk javelineer
  4632 | D        | Reached skill level 1 in Evocations
  4642 | D        | Killed a merfolk aquamancer
  4644 | D        | Noticed a merfolk aquamancer
  4660 | D        | Noticed a merfolk javelineer
  4662 | D        | Killed Ilsuiw
  4663 | D        | Noticed a merfolk impaler
  4670 | D        | Noticed a merfolk aquamancer
  4677 | D        | Killed a merfolk javelineer
  4686 | D        | Killed a merfolk aquamancer
  4702 | D        | Killed a merfolk impaler
  4708 | D        | Killed a merfolk aquamancer
  4719 | D        | Killed a merfolk aquamancer
  4720 | D        | Noticed a merfolk aquamancer
  4721 | D        | Noticed a merfolk aquamancer
  4726 | D        | Killed a merfolk javelineer
  4740 | D        | Killed a merfolk aquamancer
  4748 | D        | Killed a merfolk aquamancer
  4758 | D        | Killed a merfolk impaler
  4761 | D        | Got a barnacled rune of Zot
  4846 | D        | Noticed a five-headed hydra
  4846 | D        | Noticed an eight-headed hydra
  4846 | D        | Noticed a swamp dragon
  4846 | D        | Noticed a seven-headed hydra
  4846 | D        | Noticed a swamp dragon
  4846 | D        | Noticed a swamp dragon
  4852 | D        | Killed a five-headed hydra
  4858 | D        | Killed an eight-headed hydra
  4859 | D        | Noticed a spriggan druid
  4862 | D        | Noticed a five-headed hydra
  4865 | D        | Killed a swamp dragon
  4868 | D        | Noticed an eight-headed hydra
  4876 | D        | Noticed a swamp dragon
  4877 | D        | Killed a seven-headed hydra
  4878 | D        | Noticed a six-headed hydra
  4886 | D        | Killed a swamp dragon
  4887 | D        | Noticed a swamp drake
  4897 | D        | Killed a swamp dragon
  4897 | D        | Received a gift from Okawaru
  4898 | D        | Got a jewelled plate armour {god gift}
  4904 | D        | Killed a spriggan druid
  4904 | D        | Reached skill level 27 in Armour
  4908 | D        | Noticed a swamp dragon
  4910 | D        | Killed a five-headed hydra
  4910 | D        | Reached skill level 27 in Shields
  4910 | D        | Reached skill level 5 in Evocations
  4920 | D        | Killed an eight-headed hydra
  4925 | D        | Killed a swamp dragon
  4932 | D        | Killed a six-headed hydra
  4935 | D        | Killed a swamp drake
  4942 | D        | Killed a swamp dragon
  4945 | D        | Got a decaying rune of Zot
  4970 | D        | Identified the +3 plate armour of Okawaru's Envy {rPois rN+++ Str-2 SInv} (Okawaru gifted it to you in the Dungeon)
  5010 | D        | Noticed a guardian serpent
  5010 | D        | Noticed a greater naga
  5010 | D        | Noticed a greater naga
  5010 | D        | Noticed a naga
  5010 | D        | Noticed a naga warrior
  5010 | D        | Noticed a naga
  5012 | D        | Noticed a greater naga
  5014 | D        | Killed a guardian serpent
  5031 | D        | Killed a greater naga
  5032 | D        | Noticed a guardian serpent
  5037 | D        | Noticed a guardian serpent
  5039 | D        | Killed a greater naga
  5040 | D        | Noticed a naga mage
  5041 | D        | Killed a naga
  5045 | D        | Noticed a naga
  5056 | D        | Killed a naga warrior
  5064 | D        | Noticed a guardian serpent
  5069 | D        | Killed a greater naga
  5071 | D        | Killed a naga
  5075 | D        | Noticed a naga
  5075 | D        | Killed a naga
  5086 | D        | Killed a guardian serpent
  5097 | D        | Killed a naga mage
  5104 | D        | Killed a guardian serpent
  5113 | D        | Killed a guardian serpent
  5115 | D        | Killed a naga
  5120 | D        | Got a serpentine rune of Zot
  5134 | D        | Gained mutation: Your spells are a little harder to cast, but a little more powerful. [mutagenic meat]
  5135 | D        | Gained mutation: You have large cloven feet. [mutagenic meat]
  5161 | D        | Noticed a ghost moth
  5161 | D        | Noticed an emperor scorpion
  5161 | D        | Noticed an emperor scorpion
  5161 | D        | Noticed an emperor scorpion
  5161 | D        | Noticed an emperor scorpion
  5161 | D        | Noticed a demonic crawler
  5168 | D        | Noticed a ghost moth
  5171 | D        | Killed a ghost moth
  5172 | D        | Noticed a jumping spider
  5195 | D        | Noticed a redback
  5200 | D        | Killed an emperor scorpion
  5204 | D        | Noticed a wolf spider
  5222 | D        | Killed an emperor scorpion
  5250 | D        | Killed an emperor scorpion
  5276 | D        | Killed an emperor scorpion
  5283 | D        | Killed a demonic crawler
  5283 | D        | Reached skill level 10 in Evocations
  5293 | D        | Killed a ghost moth
  5296 | D        | Killed a redback
  5302 | D        | Killed a wolf spider
  5307 | D        | Killed a jumping spider
  5320 | D        | Noticed a jumping spider
  5321 | D        | Noticed a ghost moth
  5322 | D        | Noticed a redback
  5337 | D        | Killed a ghost moth
  5341 | D        | Killed a redback
  5350 | D        | Killed a jumping spider
  5353 | D        | Got a gossamer rune of Zot
  5359 | D        | Gained mutation: Your flesh is heat resistant. [mutagenic meat]
  5361 | D        | Gained mutation: You are agile. (Dex +2) [mutagenic meat]
  5363 | D        | Gained mutation: You are weak. (Str -2) [mutagenic meat]
  5364 | D        | Lost mutation: You are weak. (Str -2) [mutagenic meat]
  5365 | D        | Gained mutation: You are partially covered in thin metallic scales (AC +2). [mutagenic meat]
  5368 | D        | Gained mutation: You are surrounded by a mild repulsion field (EV +2). [mutagenic meat]
  5369 | D        | Gained mutation: Scrolls take you a little longer to read. [mutagenic meat]
  5598 | D        | Noticed a vault guard
  5598 | D        | Noticed a vault guard
  5598 | D        | Noticed a vault guard
  5598 | D        | Noticed a vault guard
  5598 | D        | Noticed a vault guard
  5598 | D        | Noticed a vault guard
  5606 | D        | Noticed a vault guard
  5617 | D        | Killed a vault guard
  5627 | D        | Killed a vault guard
  5628 | D        | Noticed a vault guard
  5636 | D        | Noticed a vault guard
  5650 | D        | Killed a vault guard
  5650 | D        | Received a gift from Okawaru
  5662 | D        | Killed a vault guard
  5662 | D        | Reached XP level 17. HP: 87/87 MP: 3/25
  5663 | D        | Noticed a vault guard
  5665 | D        | Noticed a vault guard
  5672 | D        | Killed a vault guard
  5673 | D        | Noticed a vault guard
  5680 | D        | Killed a vault guard
  5681 | D        | Noticed a vault guard
  5690 | D        | Killed a vault guard
  5706 | D        | Noticed a vault guard
  5710 | D        | Killed a vault guard
  5713 | D        | Noticed a vault guard
  5745 | D        | Killed a vault guard
  5747 | D        | Noticed a vault guard
  5761 | D        | Killed a vault guard
  5768 | D        | Noticed a vault guard
  5773 | D        | Killed a vault guard
  5775 | D        | Noticed a vault guard
  5785 | D        | Killed a vault guard
  5786 | D        | Noticed a vault guard
  5801 | D        | Killed a vault guard
  5806 | D        | Killed a vault guard
  5821 | D        | Killed a vault guard
  5832 | D        | Killed a vault guard
  5843 | D        | Killed a vault guard
  5858 | D        | Killed a vault guard
  5868 | D        | Killed a vault guard
  5870 | D        | Noticed a vault guard
  5871 | D        | Noticed a vault guard
  5872 | D        | Noticed a vault guard
  5873 | D        | Noticed a vault guard
  5878 | D        | Killed a vault guard
  5879 | D        | Noticed a vault guard
  5883 | D        | Noticed a vault guard
  5886 | D        | Killed a vault guard
  5893 | D        | Killed a vault guard
  5905 | D        | Killed a vault guard
  5914 | D        | Killed a vault guard
  5924 | D        | Killed a vault guard
  6010 | D        | Noticed an ironbrand convoker
  6010 | D        | Noticed a shadow wraith
  6010 | D        | Noticed an ironheart preserver
  6010 | D        | Noticed a boulder beetle
  6010 | D        | Noticed an ogre mage
  6010 | D        | Noticed a tentacled monstrosity
  6016 | D        | Killed an ironbrand convoker
  6017 | D        | Noticed an ogre mage
  6030 | D        | Noticed a white very ugly thing
  6030 | D        | Killed a shadow wraith
  6033 | D        | Killed an ironheart preserver
  6034 | D        | Noticed a great orb of eyes
  6035 | D        | Noticed a wolf spider
  6043 | D        | Killed a tentacled monstrosity
  6044 | D        | Noticed a hornet
  6053 | D        | Killed a boulder beetle
  6056 | D        | Killed an ogre mage
  6057 | D        | Noticed a shadow dragon
  6067 | D        | Killed a white very ugly thing
  6068 | D        | Noticed a stone giant
  6072 | D        | Killed an ogre mage
  6076 | D        | Noticed a shadow dragon
  6085 | D        | Noticed a stone giant
  6085 | D        | Killed a great orb of eyes
  6088 | D        | Noticed a fire crab
  6091 | D        | Killed a wolf spider
  6096 | D        | Noticed an ironbrand convoker
  6115 | D        | Killed a shadow dragon
  6115 | D        | Received a gift from Okawaru
  6115 | D        | Reached skill level 15 in Evocations
  6126 | D        | Killed a stone giant
  6147 | D        | Killed a shadow dragon
  6158 | D        | Killed a stone giant
  6164 | D        | Killed a hornet
  6172 | D        | Killed a fire crab
  6182 | D        | Killed an ironbrand convoker
  6246 | D        | Noticed a moth of wrath
  6246 | D        | Noticed a shadow dragon
  6246 | D        | Noticed a shadow dragon
  6246 | D        | Noticed a shadow dragon
  6246 | D        | Noticed a tentacled monstrosity
  6246 | D        | Noticed a shadow dragon
  6247 | D        | Noticed a quicksilver dragon
  6251 | D        | Noticed a tentacled monstrosity
  6256 | D        | a moth of wrath changed into a torpor snail
  6282 | D        | Killed a shadow dragon
  6283 | D        | Noticed a shadow dragon
  6303 | D        | Killed a shadow dragon
  6317 | D        | Killed a tentacled monstrosity
  6335 | D        | Killed a shadow dragon
  6350 | D        | Killed a tentacled monstrosity
  6362 | D        | Killed a shadow dragon
  6377 | D        | Killed a shadow dragon
  6400 | D        | Killed a quicksilver dragon
  6416 | D        | Gained mutation: You possess an exceptional clarity of mind. [mutagenic meat]
  6417 | D        | Lost mutation: You are agile. (Dex +2) [mutagenic meat]
  6419 | D        | Got a silver rune of Zot
  6535 | D        | Got the amulet "Eqaubov" {rCorr rC- Int+3 Dex+4}
  6537 | D        | Got the ring of the Komtur {+Inv rC+ Int+3}
  6539 | D        | Got the amulet of Arrival {rElec Regen+ Str+3 Dex+2}
  6541 | D        | Got the amulet "Qarit" {Stasis Slay+2}
  6543 | D        | Got the ring of Elyvilon's Whim {Wiz +Inv rC+ Str+4}
  6736 | D        | Noticed an ice beast
  6736 | D        | Noticed an ice beast
  6736 | D        | Noticed a giant frog
  6736 | D        | Noticed an octopode
  6736 | D        | Noticed a hill giant
  6739 | D        | Noticed a hungry ghost
  6740 | D        | Killed an ice beast
  6741 | D        | Noticed a gargoyle
  6743 | D        | Killed an ice beast
  6745 | D        | Noticed a hungry ghost
  6745 | D        | Killed a giant frog
  6745 | D        | Reached XP level 18. HP: 90/92 MP: 2/30
  6746 | D        | an octopode changed into a polar bear
  6753 | D        | Killed a hill giant
  6758 | D        | Killed a hungry ghost
  6765 | D        | Killed a gargoyle
  6767 | D        | Killed a hungry ghost
  6781 | D        | Noticed a fire dragon
  6781 | D        | Noticed a fire dragon
  6781 | D        | Noticed an ice dragon
  6781 | D        | Noticed an ice dragon
  6781 | D        | Noticed a purple draconian
  6781 | D        | Noticed a storm dragon
  6782 | D        | Noticed a red draconian
  6795 | D        | Killed a fire dragon
  6796 | D        | Noticed a storm dragon
  6806 | D        | Killed a fire dragon
  6807 | D        | Noticed a mottled draconian
  6818 | D        | Killed an ice dragon
  6819 | D        | Noticed a purple draconian
  6833 | D        | Killed an ice dragon
  6833 | D        | Reached skill level 5 in Fighting
  6834 | D        | Noticed a red draconian
  6847 | D        | Killed a purple draconian
  6848 | D        | Noticed an ice dragon
  6863 | D        | Killed a storm dragon
  6877 | D        | Killed a red draconian
  6877 | D        | Received a gift from Okawaru
  6888 | D        | Killed a storm dragon
  6896 | D        | Killed a mottled draconian
  6900 | D        | Killed a purple draconian
  6909 | D        | Killed a red draconian
  6919 | D        | Killed an ice dragon
  6952 | D        | Noticed a white draconian
  6952 | D        | Noticed a white draconian
  6952 | D        | Noticed a moth of wrath
  6952 | D        | Noticed a yellow draconian zealot
  6952 | D        | Noticed a red draconian
  6952 | D        | Noticed a storm dragon
  6953 | D        | Noticed a moth of wrath
  6967 | D        | Killed a white draconian
  6967 | D        | Received a gift from Okawaru
  6980 | D        | Killed a white draconian
  6985 | D        | Killed a moth of wrath
  6997 | D        | Killed a yellow draconian zealot
  7006 | D        | Killed a red draconian
  7019 | D        | Killed a storm dragon
  7026 | D        | Killed a moth of wrath
  7106 | D        | Noticed a red draconian
  7106 | D        | Noticed a golden dragon
  7106 | D        | Noticed a red draconian
  7106 | D        | Noticed a black draconian
  7106 | D        | Noticed a golden dragon
  7106 | D        | Noticed a white draconian annihilator
  7110 | D        | Killed a red draconian
  7111 | D        | Noticed a golden dragon
  7117 | D        | Noticed a green draconian annihilator
  7120 | D        | Killed a golden dragon
  7129 | D        | Killed a red draconian
  7138 | D        | Killed a black draconian
  7155 | D        | Killed a golden dragon
  7155 | D        | Reached skill level 10 in Fighting
  7170 | D        | Killed a golden dragon
  7179 | D        | Killed a green draconian annihilator
  7191 | D        | Killed a white draconian annihilator
  7233 | D        | Noticed a red draconian
  7233 | D        | Noticed a green draconian annihilator
  7233 | D        | Noticed a curse toe
  7233 | D        | Noticed a storm dragon
  7233 | D        | Noticed a red draconian
  7233 | D        | Noticed a red draconian caller
  7234 | D        | Noticed a storm dragon
  7243 | D        | Killed a green draconian annihilator
  7250 | D        | Killed a red draconian
  7255 | D        | Noticed a moth of wrath
  7262 | D        | Noticed a red draconian
  7272 | D        | Killed a curse toe
  7276 | D        | Killed a storm dragon
  7278 | D        | Killed a red draconian caller
  7282 | D        | Killed a red draconian
  7284 | D        | Killed a storm dragon
  7286 | D        | Killed a moth of wrath
  7291 | D        | Killed a red draconian
  7291 | D        | Received a gift from Okawaru
  7339 | D        | Noticed a yellow draconian monk
  7339 | D        | Noticed a white draconian
  7339 | D        | Noticed a green draconian zealot
  7339 | D        | Noticed a moth of wrath
  7339 | D        | Noticed a purple draconian knight
  7339 | D        | Noticed a moth of wrath
  7340 | D        | Noticed a black draconian
  7351 | D        | Killed a yellow draconian monk
  7351 | D        | Reached skill level 1 in Stealth
  7359 | D        | Noticed a storm dragon
  7362 | D        | Killed a white draconian
  7363 | D        | Noticed a red draconian
  7376 | D        | Killed a green draconian zealot
  7383 | D        | Killed a purple draconian knight
  7388 | D        | Killed a moth of wrath
  7390 | D        | Killed a moth of wrath
  7399 | D        | Killed a black draconian
  7409 | D        | Killed a storm dragon
  7409 | D        | Reached skill level 27 in Maces & Flails
  7409 | D        | Reached skill level 5 in Stealth
  7423 | D        | Killed a red draconian
  7643 | D        | Noticed an Orb Guardian
  7643 | D        | Noticed an Orb Guardian
  7643 | D        | Noticed an Orb Guardian
  7643 | D        | Noticed an Orb Guardian
  7643 | D        | Noticed an Orb Guardian
  7643 | D        | Noticed an Orb Guardian
  7653 | D        | Killed an Orb Guardian
  7654 | D        | Noticed an Orb Guardian
  7670 | D        | Killed an Orb Guardian
  7671 | D        | Noticed an Orb Guardian
  7685 | D        | Killed an Orb Guardian
  7685 | D        | Reached XP level 19. HP: 120/122 MP: 3/32
  7697 | D        | Killed an Orb Guardian
  7697 | D        | Reached skill level 15 in Fighting
  7698 | D        | Noticed an Orb Guardian
  7710 | D        | Killed an Orb Guardian
  7718 | D        | Killed an Orb Guardian
  7719 | D        | Noticed an Orb Guardian
  7725 | D        | Killed an Orb Guardian
  7733 | D        | Killed an Orb Guardian
  7733 | D        | Reached skill level 10 in Stealth
  7747 | D        | Killed an Orb Guardian
  7762 | D        | Killed an Orb Guardian
  8024 | D        | Noticed a white draconian knight
  8024 | D        | Noticed a moth of wrath
  8024 | D        | Noticed an Orb Guardian
  8024 | D        | Noticed an Orb Guardian
  8024 | D        | Noticed a moth of wrath
  8024 | D        | Noticed a death cob
  8025 | D        | Noticed an Orb Guardian
  8030 | D        | Killed a white draconian knight
  8031 | D        | Noticed an Orb Guardian
  8035 | D        | Killed an Orb Guardian
  8042 | D        | Killed an Orb Guardian
  8044 | D        | Killed a moth of wrath
  8049 | D        | Killed a moth of wrath
  8054 | D        | Killed a death cob
  8060 | D        | Killed an Orb Guardian
  8066 | D        | Killed an Orb Guardian
  8066 | D        | Received a gift from Okawaru
  8103 | D        | Noticed an ancient lich
  8120 | D        | Killed an ancient lich
  8328 | D        | Noticed an orb of fire
  8342 | D        | Gained mutation: Your magical capacity is low (-10% MP). [an orb of fire]
  8344 | D        | Killed an orb of fire
  8346 | D        | Noticed an electric golem
  8356 | D        | Killed an electric golem
  8360 | D        | Noticed a black draconian monk
  8360 | D        | Noticed a moth of wrath
  8360 | D        | Noticed an ancient lich
  8360 | D        | Noticed a moth of wrath
  8360 | D        | Noticed a golden dragon
  8360 | D        | Noticed a golden dragon
  8368 | D        | Killed a moth of wrath
  8369 | D        | Noticed a shadow dragon
  8370 | D        | Noticed an orb of fire
  8370 | D        | Killed a black draconian monk
  8382 | D        | Killed an ancient lich
  8382 | D        | Reached skill level 15 in Stealth
  8383 | D        | Noticed an orb of fire
  8383 | D        | Gained mutation: Your magical capacity is very low (-20% MP). [an orb of fire]
  8384 | D        | Noticed a Killer Klown
  8387 | D        | Gained mutation: Armour fits poorly on your strangely shaped body. [an orb of fire]
  8413 | D        | Killed an orb of fire
  8414 | D        | Noticed a shadow dragon
  8420 | D        | Noticed a shadow dragon
  8420 | D        | Lost mutation: Your flesh is heat resistant. [an orb of fire]
  8430 | D        | Killed an orb of fire
  8430 | D        | Reached skill level 27 in Dodging
  8439 | D        | Noticed a Killer Klown
  8444 | D        | Killed a golden dragon
  8444 | D        | Reached XP level 20. HP: 111/148 MP: 7/26
  8445 | D        | Noticed a yellow draconian
  8654 | D        | Killed a Killer Klown
  8671 | D        | Killed a shadow dragon
  8682 | D        | Killed a golden dragon
  8709 | D        | Killed a shadow dragon
  8721 | D        | Killed a shadow dragon
  8747 | D        | Killed a moth of wrath
  8767 | D        | Killed a Killer Klown
  8787 | D        | Killed a yellow draconian
  8843 | D        | Noticed an Orb Guardian
  8843 | D        | Noticed an Orb Guardian
  8843 | D        | Noticed an Orb Guardian
  8843 | D        | Noticed an Orb Guardian
  8843 | D        | Noticed an Orb Guardian
  8843 | D        | Noticed an Orb Guardian
  8844 | D        | Noticed a moth of wrath
  8845 | D        | Killed an Orb Guardian
  8846 | D        | Noticed an Orb Guardian
  8847 | D        | Killed an Orb Guardian
  8848 | D        | Noticed an Orb Guardian
  8863 | D        | Killed an Orb Guardian
  8869 | D        | Killed an Orb Guardian
  8869 | D        | Reached skill level 27 in Fighting
  8875 | D        | Killed an Orb Guardian
  8876 | D        | Noticed an Orb Guardian
  8884 | D        | Killed an Orb Guardian
  8901 | D        | Killed an Orb Guardian
  8912 | D        | Killed an Orb Guardian
  8912 | D        | Received a gift from Okawaru
  8928 | D        | Killed an Orb Guardian
  8929 | D        | Noticed an Orb Guardian
  8935 | D        | Killed a moth of wrath
  8936 | D        | Noticed an Orb Guardian
  8937 | D        | Noticed a moth of wrath
  8938 | D        | Noticed an Orb Guardian
  8946 | D        | Killed an Orb Guardian
  8954 | D        | Killed an Orb Guardian
  8963 | D        | Killed an Orb Guardian
  8967 | D        | Killed a moth of wrath
 10665 | D        | Fell from the grace of Okawaru
 10665 | D        | Became a worshipper of the Shining One
 12257 | D        | Noticed a lich
 12257 | D        | Noticed a vampire knight
 12257 | D        | Acquired the Shining One's first power
 12257 | D        | Noticed a vampire knight
 12257 | D        | Noticed a vampire knight
 12257 | D        | Acquired the Shining One's second power
 12257 | D        | Noticed a vampire knight
 12257 | D        | Noticed a vampire knight
 12258 | D        | Noticed a lich
 12260 | D        | Killed a vampire knight
 12265 | D        | Killed a lich
 12269 | D        | Noticed a vampire knight
 12269 | D        | Acquired the Shining One's third power
 12272 | D        | Noticed a lich
 12273 | D        | Killed a vampire knight
 12274 | D        | Noticed a vampire knight
 12280 | D        | Noticed a vampire knight
 12281 | D        | Killed a lich
 12281 | D        | Acquired the Shining One's fourth power
 12281 | D        | Reached skill level 27 in Stealth
 12292 | D        | Killed a vampire knight
 12299 | D        | Killed a vampire knight
 12303 | D        | Killed a vampire knight
 12303 | D        | Reached skill level 5 in Throwing
 12311 | D        | Killed a vampire knight
 12315 | D        | Killed a lich
 12330 | D        | Killed a vampire knight
 12341 | D        | Killed a vampire knight
 12361 | D        | Noticed a spriggan baker
 12361 | D        | Noticed a spriggan baker
 12361 | D        | Noticed a spriggan baker
 12361 | D        | Noticed a spriggan baker
 12361 | D        | Noticed a spriggan baker
 12361 | D        | Noticed a spriggan baker
 12363 | D        | Killed a spriggan baker
 12366 | D        | Noticed a spriggan baker
 12368 | D        | Noticed a spriggan baker
 12369 | D        | Killed a spriggan baker
 12372 | D        | Killed a spriggan baker
 12374 | D        | Noticed a spriggan baker
 12377 | D        | Noticed a spriggan baker
 12377 | D        | Killed a spriggan baker
 12380 | D        | Killed a spriggan baker
 12387 | D        | Killed a spriggan baker
 12390 | D        | Killed a spriggan baker
 12390 | D        | Reached skill level 10 in Throwing
 12392 | D        | Killed a spriggan baker
 12394 | D        | Killed a spriggan baker
 12395 | D        | Killed a spriggan baker
 12407 | D        | Noticed a spriggan baker
 12414 | D        | Killed a spriggan baker
 12420 | D        | Noticed a deep elf blademaster
 12420 | D        | Noticed a deep elf master archer
 12420 | D        | Noticed a deep elf blademaster
 12420 | D        | Noticed a deep elf demonologist
 12420 | D        | Noticed a deep elf blademaster
 12420 | D        | Noticed a deep elf sorcerer
 12421 | D        | Noticed a deep elf blademaster
 12426 | D        | Killed a deep elf blademaster
 12432 | D        | Killed a deep elf blademaster
 12445 | D        | Killed a deep elf blademaster
 12453 | D        | Noticed a deep elf annihilator
 12465 | D        | Killed a deep elf blademaster
 12465 | D        | Reached XP level 21. HP: 163/163 MP: 9/28
 12469 | D        | Killed a deep elf annihilator
 12470 | D        | Noticed a deep elf master archer
 12470 | D        | Noticed a deep elf sorcerer
 12473 | D        | Killed a deep elf master archer
 12482 | D        | Killed a deep elf sorcerer
 12484 | D        | Noticed a deep elf sorcerer
 12486 | D        | Noticed a deep elf blademaster
 12486 | D        | Killed a deep elf master archer
 12486 | D        | Reached skill level 15 in Throwing
 12489 | D        | Killed a deep elf sorcerer
 12492 | D        | Killed a deep elf demonologist
 12493 | D        | Noticed a deep elf sorcerer
 12506 | D        | Killed a deep elf blademaster
 12512 | D        | Killed a deep elf sorcerer
 12516 | D        | Killed a deep elf sorcerer
 12520 | D        | Noticed a deep elf sorcerer
 12526 | D        | Killed a deep elf sorcerer
 12537 | D        | Got an elven rune of Zot
 14279 | D        | Identified a +8 sacred scourge of holy wrath (a +6 demon whip of electrocution blessed by the Shining One)
 15980 | D        | Noticed an acid blob
 15980 | D        | Noticed an acid blob
 15980 | D        | Noticed an acid blob
 15980 | D        | Noticed an azure jelly
 15980 | D        | Noticed an acid blob
 15980 | D        | Noticed an acid blob
 15981 | D        | Noticed a death ooze
 15986 | D        | Killed an acid blob
 15990 | D        | Killed an acid blob
 15991 | D        | Noticed a death ooze
 15995 | D        | Killed an acid blob
 16001 | D        | Killed an acid blob
 16009 | D        | Killed an acid blob
 16031 | D        | Killed an azure jelly
 16039 | D        | Killed a death ooze
 16044 | D        | Killed a death ooze
 16190 | D        | Noticed a death ooze
 16191 | D        | Noticed the royal jelly
 16192 | D        | Noticed a death ooze
 16193 | D        | Noticed an acid blob
 16197 | D        | Killed a death ooze
 16198 | D        | Noticed a death ooze
 16203 | D        | Noticed an azure jelly
 16212 | D        | Noticed a death ooze
 16230 | D        | Killed an acid blob
 16234 | D        | Noticed a golden eye
 16263 | D        | Killed an azure jelly
 16267 | D        | Noticed an acid blob
 16272 | D        | Noticed an azure jelly
 16282 | D        | Killed the royal jelly
 16578 | D        | Killed an acid blob
 16598 | D        | Killed an azure jelly
 16609 | D        | Killed a death ooze
 16611 | D        | Killed a death ooze
 16615 | D        | Killed a death ooze
 16632 | D        | Killed a golden eye
 16637 | D        | Got a slimy rune of Zot
 16639 | D        | Noticed an acid blob
 16648 | D        | Killed an acid blob
 16855 | D        | Noticed a sphinx
 16855 | D        | Noticed a sphinx
 16855 | D        | Noticed a sphinx
 16855 | D        | Noticed a sphinx
 16855 | D        | Noticed a sphinx
 16855 | D        | Noticed a sphinx
 16856 | D        | Noticed a sphinx
 16863 | D        | Killed a sphinx
 16874 | D        | Killed a sphinx
 16875 | D        | Noticed a sphinx
 16877 | D        | Noticed a sphinx
 16884 | D        | Killed a sphinx
 16885 | D        | Noticed a sphinx
 17196 | D        | Killed a sphinx
 17203 | D        | Killed a sphinx
 17211 | D        | Killed a sphinx
 17217 | D        | Killed a sphinx
 17222 | D        | Killed a sphinx
 17268 | D        | Killed a sphinx
 17277 | D        | Noticed a sphinx
 17280 | D        | Killed a sphinx
 17286 | D        | Killed a sphinx
 17339 | D        | Noticed a sphinx
 17344 | D        | Killed a sphinx
 17351 | D        | Noticed a guardian mummy
 17351 | D        | Noticed a guardian mummy
 17351 | D        | Noticed a guardian mummy
 17351 | D        | Noticed a guardian mummy
 17351 | D        | Noticed a guardian mummy
 17351 | D        | Noticed a guardian mummy
 17353 | D        | Killed a guardian mummy
 17354 | D        | Noticed a guardian mummy
 17358 | D        | Killed a guardian mummy
 17359 | D        | Noticed a guardian mummy
 17361 | D        | Killed a guardian mummy
 17362 | D        | Killed a guardian mummy
 17363 | D        | Noticed a guardian mummy
 17364 | D        | Killed a guardian mummy
 17365 | D        | Noticed a guardian mummy
 17367 | D        | Killed a guardian mummy
 17370 | D        | Killed a guardian mummy
 17377 | D        | Killed a guardian mummy
 17379 | D        | Killed a guardian mummy
 17383 | D        | Killed a guardian mummy
 17397 | D        | Noticed a greater mummy
 17397 | D        | Noticed a guardian mummy
 17397 | D        | Noticed a guardian mummy
 17397 | D        | Noticed a mummy priest
 17397 | D        | Noticed a mummy priest
 17397 | D        | Noticed a guardian mummy
 17398 | D        | Noticed a guardian mummy
 17405 | D        | Killed a greater mummy
 17412 | D        | Killed a guardian mummy
 17414 | D        | Killed a guardian mummy
 17416 | D        | Noticed a mummy priest
 17421 | D        | Killed a mummy priest
 17421 | D        | Reached XP level 22. HP: 169/169 MP: 30/30
 17422 | D        | Noticed a guardian mummy
 17425 | D        | Killed a mummy priest
 17431 | D        | Killed a guardian mummy
 17433 | D        | Killed a guardian mummy
 17436 | D        | Killed a mummy priest
 17439 | D        | Killed a guardian mummy
 17445 | D        | Noticed a greater mummy
 17445 | D        | Noticed a mummy priest
 17445 | D        | Noticed a greater mummy
 17445 | D        | Noticed a greater mummy
 17445 | D        | Noticed a guardian mummy
 17445 | D        | Noticed a greater mummy
 17446 | D        | Noticed a greater mummy
 17454 | D        | Killed a greater mummy
 17454 | D        | Reached skill level 27 in Throwing
 17673 | D        | Killed a mummy priest
 17690 | D        | Killed a greater mummy
 17701 | D        | Killed a greater mummy
 17701 | D        | Reached skill level 27 in Evocations
 17719 | D        | Killed a guardian mummy
 17815 | D        | Killed a greater mummy
 17815 | D        | Reached skill level 5 in Unarmed Combat
 17841 | D        | Killed a greater mummy
 17849 | D        | Noticed a guardian mummy
 17852 | D        | Noticed a guardian mummy
 17856 | D        | Killed a guardian mummy
 17861 | D        | Killed a guardian mummy
 17871 | D        | Got a golden rune of Zot
 17876 | D        | Noticed a small abomination
 17876 | D        | Noticed a sixfirhy
 17876 | D        | Noticed a thrashing horror
 17876 | D        | Noticed a small abomination
 17876 | D        | Noticed a wandering mushroom
 17877 | D        | Noticed an iron imp
 17881 | D        | Killed a small abomination
 17882 | D        | Noticed a wretched star
 17884 | D        | Noticed a large abomination
 17885 | D        | Killed a sixfirhy
 17895 | D        | Killed a thrashing horror
 17900 | D        | Killed a small abomination
 17904 | D        | Noticed a soul eater
 17906 | D        | Noticed a small abomination
 17908 | D        | Killed a wandering mushroom
 17915 | D        | Killed a wretched star
 17917 | D        | Killed an iron imp
 17920 | D        | Killed a large abomination
 17928 | D        | Killed a soul eater
 17930 | D        | Killed a small abomination
 17934 | D        | Got an abyssal rune of Zot
 18057 | D        | Noticed Geryon
 18069 | D        | Killed Geryon
 18069 | D        | Reached skill level 15 in Invocations
 18071 | D        | Noticed Asmodeus
 18071 | D        | Noticed Lom Lobon
 18072 | D        | Noticed Dispater
 18081 | D        | Noticed Gloorx Vloq
 18090 | D        | Noticed Cerebov
 19265 | D        | Was forgiven by Okawaru
 20073 | D        | Bought the ring "Esomul" {rF+ MP+9} for 416 gold pieces
 21326 | D        | Noticed Antaeus
 21382 | D        | Killed Antaeus
 21382 | D        | Reached skill level 10 in Spellcasting
 21765 | D        | Killed Asmodeus
 21990 | D        | Killed Lom Lobon
 22377 | D        | Killed Dispater
 22559 | D        | Killed Cerebov
 22559 | D        | Reached skill level 15 in Spellcasting
 22559 | D        | Reached XP level 23. HP: 169/175 MP: 17/33
 22636 | D        | Killed Gloorx Vloq
 22791 | D        | Noticed Mnoleg
 22803 | D        | Killed Mnoleg
 22859 | D        | Noticed Ereshkigal
 22864 | D        | Paralysed by Ereshkigal for 6 turns
 22934 | D        | Killed Ereshkigal
 22934 | D        | Reached skill level 27 in Invocations
 23024 | D        | Got an obsidian rune of Zot
 23028 | D        | Got a magical rune of Zot
 23032 | D        | Got an iron rune of Zot
 23036 | D        | Got a dark rune of Zot
 23040 | D        | Got a fiery rune of Zot
 23044 | D        | Got a glowing rune of Zot
 23048 | D        | Got an icy rune of Zot
 23052 | D        | Got a bone rune of Zot
 23367 | D        | Got the Orb of Zot
 23666 | D        | Noticed Mopn the pandemonium lord
 23672 | D        | Killed Mopn the pandemonium lord
 23889 | D        | Noticed Zidadeef the pandemonium lord
 23901 | D        | Killed Zidadeef the pandemonium lord
 24074 | D        | Noticed Cats the pandemonium lord
 24081 | D        | Killed Cats the pandemonium lord
 24495 | D        | Noticed Neav the pandemonium lord
 24503 | D        | Killed Neav the pandemonium lord
 24649 | D        | Noticed Zaastr Leunn the pandemonium lord
 24665 | D        | Killed Zaastr Leunn the pandemonium lord
 24832 | D        | Noticed Ezaucwiz the pandemonium lord
 24844 | D        | Killed Ezaucwiz the pandemonium lord
 24849 | D        | Reached XP level 24. HP: 181/181 MP: 40/40
 25065 | D        | Noticed Woerghuqalo the pandemonium lord
 25075 | D        | Killed Woerghuqalo the pandemonium lord
 25220 | D        | Reached skill level 27 in Unarmed Combat
 25541 | D        | Escaped with the Orb!

Vault maps used:
D:        linesprint

Action                   |  1- 3 |  4- 6 |  7- 9 | 10-12 | 13-15 | 16-18 | 19-21 | 22-24 || total
-------------------------+-------+-------+-------+-------+-------+-------+-------+-------++-------
Melee: Flail             |    48 |       |       |       |       |  1567 |   902 |   104 ||  2621
       Morningstar       |       |    65 |   182 |   528 |       |       |       |       ||   775
       Demon whip        |       |       |       |       |   305 |       |       |       ||   305
       Eveningstar       |       |       |       |       |   586 |    11 |       |       ||   597
       Sacred scourge    |       |       |       |       |       |       |   258 |   668 ||   926
Throw: Javelin           |       |       |       |       |       |       |     1 |    89 ||    90
Invok: Heroism           |       |     1 |     3 |     8 |    11 |    15 |     4 |       ||    42
       Finesse           |       |       |       |     7 |     9 |    15 |     4 |       ||    35
       Divine Shield     |       |       |       |       |       |       |     7 |     8 ||    15
       Cleansing Flame   |       |       |       |       |       |       |     2 |     7 ||     9
       Summon Divine War |       |       |       |       |       |       |     2 |     3 ||     5
 Abil: Evoke Berserk Rag |       |       |       |       |       |     1 |     1 |       ||     2
       Evoke Invisibilit |       |       |       |       |       |     2 |     3 |       ||     5
       Fly               |       |       |       |       |       |       |       |     1 ||     1
Evoke: Wand              |       |       |       |     1 |     2 |       |       |     7 ||    10
  Use: Potion            |     1 |       |     1 |     1 |     6 |     1 |     9 |     3 ||    22
       Scroll            |       |       |     2 |     7 |       |    11 |     3 |     4 ||    27
 Stab: Confused          |       |       |       |       |       |     1 |       |       ||     1
       Invisible         |       |       |       |       |       |    20 |    10 |       ||    30
       Sleeping          |       |       |       |       |       |       |     4 |       ||     4
       Paralysed         |       |       |       |       |       |       |       |     1 ||     1
  Eat: Chunk             |       |       |     1 |     6 |     7 |    20 |     2 |       ||    36
       Meat ration       |       |       |       |     1 |     2 |     2 |     4 |     3 ||    12
       Bread ration      |       |       |       |       |       |       |     3 |     3 ||     6
       Royal jelly       |       |       |       |       |       |       |     1 |       ||     1
       Beef jerky        |       |       |       |       |       |       |     1 |       ||     1
       Fruit             |       |       |       |       |       |       |       |     8 ||     8
